[Event "55th Ladies GM 2024"]
[Site "Belgrade9"]
[Date "2024.03.02"]
[Round "1.1"]
[White "Kulkarni Bhakti"]
[Black "Pogorelskikh, Sofia"]
[Result "1-0"]
[ECO "D78"]
[WhiteElo "2372"]
[BlackElo "2214"]
[Annotator "TA"]
[PlyCount "133"]
[EventDate "2024.03.02"]
[EventType "tourn"]
[EventCountry "SRB"]
[SourceTitle "playchess.com"]
[Source "ChessBase"]
[SourceQuality "1"]
[TimeControl "40/5400+30:1800+30"]

1. Nf3 d5 2. g3 g6 3. Bg2 Bg7 4. d4 Nf6 5. O-O O-O 6. c4 c6 7. a4 {[%emt 0:00:21] D78: Fianchetto Grünfeld: 6 0-0 c6.} Be6 8. Qb3 $146 ({Predecessor:} 8. Nc3 dxc4 9. e4 Na6 10. h3 Nb4 11. Be3 Qc8 12. Kh2 a5 13. Qe2 Ne8 14. Rad1 f5 {½-½ Bluebaum,M (2647)-Eljanov,P (2697) Bundesliga 2223 2022 (14.1)}) 8... Qb6 9. Qa3 dxc4 10. Qxe7 {[%emt 0:07:24] [#]} Re8 (10... a5 $1 $17) 11. Qd6 {[%emt 0:08:03] [#]} (11. a5 $11 Qb3 12. Qa3) 11... a5 $1 $17 12. Qf4 Na6 13. Qh4 Bd5 14. Nc3 Ne4 15. Ng5 Nxg5 16. Nxd5 cxd5 17. Bxg5 Rxe2 (17... Bxd4 $2 {is the wrong capture.} 18. Bxd5 Nb4 19. Bxc4 $18) (17... Nb4 $17 18. e3 Qc6) 18. Bxd5 $11 Nb4 (18... Qxd4 $11 {keeps the balance.} 19. Qxd4 Bxd4) 19. Bxc4 $16 Rc2 20. Rac1 Rxc1 21. Rxc1 Qxd4 22. Qxd4 Bxd4 23. b3 Kg7 24. Bb5 Nc6 (24... Bb6 $14) 25. Bxc6 $16 bxc6 26. Rxc6 Rb8 27. Rd6 Bc3 28. Rd3 Bb4 (28... Rxb3 $2 {too greedy.} 29. Kg2 $18) 29. Bf4 Re8 30. Be3 h5 31. Rd7 Bc3 32. Rc7 Bf6 33. Rc5 Rb8 (33... Ra8 {was worth a try.} 34. Bd2 Bd8) 34. Rb5 Ra8 35. Bd2 Bd8 36. Kf1 Kf8 37. Ke2 Ke8 38. Rb7 Ra6 39. Be3 Rc6 40. Bd4 Rc1 41. h4 Be7 42. Be3 Rc6 43. Rb6 Rxb6 (43... Rc8 {is a better defense.} 44. Bd2 Bd8) 44. Bxb6 $18 Bb4 45. Be3 Bd6 $2 (45... Be7 46. Bg5 Bd6) 46. Bd2 $18 Bc7 47. Kd3 Kd7 48. Kc4 Kc6 49. b4 axb4 50. Kxb4 ({Not} 50. Bxb4 Bb6 $16) 50... Bd8 51. a5 f6 52. Kc4 g5 53. a6 gxh4 54. gxh4 f5 55. Bg5 Bb6 56. f3 Ba7 57. Bf6 Bf2 58. Bd8 Kd7 59. Bg5 Kc6 60. Bf6 Bg3 61. a7 Kb7 62. Kd5 Kxa7 63. Ke6 Kb7 64. Kxf5 Kc6 65. Kg6 Kd7 66. Kxh5 Ke8 67. Kg6 1-0

[Event "55th Ladies GM 2024"]
[Site "Belgrade9"]
[Date "2024.03.02"]
[Round "1.2"]
[White "Maltsevskaya, Aleksandra"]
[Black "Doluhanova, Evgeniya"]
[Result "1-0"]
[ECO "C65"]
[WhiteElo "2374"]
[BlackElo "2261"]
[Annotator "TA"]
[PlyCount "113"]
[EventDate "2024.03.02"]
[EventType "tourn"]
[EventCountry "SRB"]
[SourceTitle "playchess.com"]
[Source "ChessBase"]
[SourceQuality "1"]
[TimeControl "40/5400+30:1800+30"]

1. e4 e5 2. Nf3 Nc6 3. Bb5 Nf6 4. d3 Bc5 5. Bxc6 dxc6 6. Nbd2 {[%emt 0:00:08] C65: Ruy Lopez: Berlin Defence (3...Nf6), unusual lines and 4 0-0 Bc5.} Qe7 {[%emt 0:01:14] 6...Nd7 is setting a new trend.} 7. O-O O-O 8. Nc4 Nd7 9. c3 b5 $146 ({Predecessor:} 9... Bd6 10. Re1 Re8 11. d4 f6 12. dxe5 Nxe5 13. Nfxe5 Bxe5 14. Be3 b6 15. f3 Qf7 16. Nxe5 Rxe5 {1-0 Duda,J (2750)-Hansen,E (2606) Oslo Esports Cup rapid 2022 (7.2)}) 10. Ne3 Nf6 11. d4 Bd6 (11... exd4 $1 $11 12. cxd4 Bb6) 12. dxe5 $14 Bxe5 13. a4 Rd8 14. Qb3 (14. Qe2 $14) 14... Be6 ({Better is} 14... Nxe4 $11 15. axb5 Nc5) 15. Qc2 $14 Bd7 16. Re1 Re8 17. Nf1 h6 18. Nxe5 Qxe5 19. f4 (19. f3 $16) 19... Qh5 $14 20. e5 Bf5 21. Qd1 Qxd1 22. Rxd1 Bg4 (22... Ne4 $1 $11 {remains equal.}) 23. Rd4 $16 Nh7 24. axb5 cxb5 25. Ne3 Be6 26. f5 Bb3 27. Ra3 $1 c5 28. Rd7 c4 $1 29. Raxa7 Rxa7 30. Rxa7 Rxe5 31. Ra8+ Nf8 32. Kf2 f6 33. Rb8 Kf7 (33... h5 $14) 34. Rb7+ $16 Kg8 35. g4 Ba4 36. h3 Re8 (36... Nh7 $16 {keeps fighting.}) 37. Nd5 $18 Rd8 38. Nf4 $1 (38. Ne7+ Kh7 $11) 38... Rd7 39. Rb8 Kf7 40. Be3 Re7 (40... g5 $142) 41. Bc5 (41. Nd5 $142 Nd7 42. Rb7) 41... Nd7 $18 42. Rc8 $1 Nxc5 43. Rxc5 Ke8 44. Ne6 Rd7 45. Ke2 h5 $2 {[%emt 0:04:26] [#]} (45... Kf7 $16 46. Nf4 Ke8) 46. Rc8+ $1 $18 (46. gxh5 $6 Bd1+ 47. Kf2 Bxh5 $16) 46... Ke7 {[%emt 0:03:50] [#]} 47. Rg8 $1 (47. Nxg7 hxg4 48. hxg4 Bd1+ 49. Ke3 Bxg4 $14) (47. gxh5 $6 Bd1+ 48. Kf2 Bxh5 $14) 47... Bd1+ $2 (47... Kd6 {was called for.} 48. gxh5 (48. Nxg7 Re7+ 49. Kf2 hxg4 $18) 48... Ke5 49. Rxg7 Rd3) 48. Ke1 $18 hxg4 49. hxg4 (49. Nxg7 gxh3 50. Ne6 Bf3 $19) 49... Rd3 50. Rxg7+ (50. Nxg7 $2 {perishes.} Kf7 (50... Bxg4 51. Rb8 $11) 51. Rb8 Kxg7 $19) 50... Kd6 51. Nf4 Rf3 52. Nh5 Bb3 53. Nxf6 (53. Ke2 Rd3 54. Nxf6 Ke5 $18) 53... Ke5 (53... Bc2 $142 54. Ke2 Rh3) 54. Nh5 Bc2 (54... b4 $142 55. Re7+ (55. cxb4 Kd6 $18) 55... Kd6) 55. Re7+ Kd6 56. Re6+ Kd5 (56... Kc7 $142 57. Ke2 Rd3) 57. Ke2 1-0

[Event "55th Ladies GM 2024"]
[Site "Belgrade9"]
[Date "2024.03.02"]
[Round "1.3"]
[White "Vujovic, Vera"]
[Black "Djukic, Sandra"]
[Result "1-0"]
[ECO "B07"]
[WhiteElo "2175"]
[BlackElo "2127"]
[Annotator "RC"]
[PlyCount "69"]
[EventDate "2024.03.02"]
[EventType "tourn"]
[EventCountry "SRB"]
[SourceTitle "playchess.com"]
[Source "ChessBase"]
[SourceQuality "1"]
[TimeControl "40/5400+30:1800+30"]

1. e4 d6 2. d4 Nf6 3. Nc3 e5 4. dxe5 dxe5 5. Qxd8+ Kxd8 6. f4 Bb4 7. Bd2 exf4 8. O-O-O Bg4 9. Be2 Nbd7 10. Bf3 Kc8 11. Nge2 Ne5 12. Bxg4+ Nexg4 13. Rdf1 Re8 14. h3 Ne3 15. Rxf4 Nxg2 16. Rf2 Nh4 17. Bg5 Bc5 18. Rff1 Ng6 19. Bxf6 gxf6 20. Rf3 f5 21. Rxf5 b5 22. Rxf7 b4 23. Nd5 Bd6 24. Nf6 Re5 25. Rxh7 Kb7 26. Rg1 Nf8 27. Rf7 Ne6 28. Rd1 Ka6 29. h4 Rh8 30. Ng3 Ra5 31. Nf5 Be5 32. Nd5 Rb8 33. Re7 Bf4+ 34. Kb1 Rxd5 35. Rxe6+ 1-0

[Event "55th Ladies GM 2024"]
[Site "Belgrade9"]
[Date "2024.03.02"]
[Round "1.4"]
[White "Mehmed, Elif"]
[Black "Kubicka, Anna"]
[Result "1-0"]
[ECO "C45"]
[WhiteElo "2194"]
[BlackElo "2278"]
[Annotator "TA"]
[PlyCount "89"]
[EventDate "2024.03.02"]
[EventType "tourn"]
[EventCountry "SRB"]
[SourceTitle "playchess.com"]
[Source "ChessBase"]
[SourceQuality "1"]
[TimeControl "40/5400+30:1800+30"]

1. e4 e5 2. Nf3 Nc6 3. d4 exd4 4. Nxd4 Bc5 5. Nxc6 Qf6 6. Qf3 Qxf3 7. gxf3 dxc6 8. Be3 Bxe3 9. fxe3 Be6 10. Bd3 {[%emt 0:08:33] White has an edge.} Ne7 11. Nd2 c5 12. Rg1 O-O 13. Ke2 f5 14. Rg5 h6 15. Rg2 Kh8 16. h4 Rf7 17. Rag1 Re8 18. b3 b6 19. Nc4 fxe4 20. Bxe4 {[%emt 0:00:13] aiming for Ne5.} Bxc4+ 21. bxc4 Rd8 $1 {[%emt 0:01:30] Against Bd5} 22. f4 Rd6 23. Kf3 Rd7 24. Bd3 {[%emt 0:05:57] White is more active.} Nc6 25. e4 Rd4 26. Ke3 Rfd7 27. Rg6 ({White should try} 27. e5 $16) 27... Nb4 $11 28. f5 Nxd3 29. cxd3 Rxd3+ {[%emt 0:00:05][%mdl 4096] Endgame. KRR-KRR} 30. Kf4 R3d6 $2 (30... Kh7 $11 {and Black stays safe.}) 31. Rxd6 $18 cxd6 {[%emt 0:02:05] KR-KR} 32. Rd1 Kg8 {[%emt 0:00:15] [#]} (32... Kh7 $142 33. h5 Kg8) 33. Kf3 $1 {[%emt 0:00:00] Hoping for e5.} Kf8 34. e5 Rf7 $2 (34... Ke7) 35. exd6 {[%emt 0:00:00] Black must now prevent d7.} Ke8 {[%emt 0:00:11] [#]} 36. Ke4 Kd7 37. Ke5 Kc6 (37... Rf6 $18 38. Rd3 Rf7) 38. Ke6 {[%emt 0:00:00] White mates.} Rd7 39. a4 h5 40. Rd2 a6 41. Rd1 Rd8 42. d7 b5 43. axb5+ axb5 44. cxb5+ Kxb5 45. Ke7 {[%emt 0:00:00] Weighted Error Value: White=0.05 (flawless) /Black=0.41.  Loses game:     	---       	Black=1      Mistake:       	White=1     	Black=2      Inaccurate:     	---       	Black=1      OK:         	White=12    	Black=8      Best:        	White=5     	Black=1      Strong:       	White=1     	Black=1} 1-0

[Event "55th Ladies GM 2024"]
[Site "Belgrade9"]
[Date "2024.03.02"]
[Round "1.5"]
[White "Lu, Miaoyi"]
[Black "Xu, Yuanyuan"]
[Result "1-0"]
[ECO "B38"]
[WhiteElo "2392"]
[BlackElo "2288"]
[Annotator "RC"]
[PlyCount "127"]
[EventDate "2024.03.02"]
[EventType "tourn"]
[EventCountry "SRB"]
[SourceTitle "playchess.com"]
[Source "ChessBase"]
[SourceQuality "1"]
[TimeControl "40/5400+30:1800+30"]

1. e4 c5 2. Nf3 g6 3. d4 cxd4 4. Nxd4 Nc6 5. c4 Bg7 6. Be3 Nf6 7. Nc3 O-O 8. Be2 d6 9. O-O Bd7 10. Qd2 Nxd4 11. Bxd4 Bc6 12. f3 a5 13. b3 Nd7 14. Be3 Nc5 15. Rab1 Qb6 16. Rfc1 Rfc8 17. Bf1 Qb4 18. Qb2 Qb6 19. Qf2 Qb4 20. Bd2 Qb6 21. Rc2 Rab8 22. Be3 Qb4 23. Nb5 Bxb5 24. cxb5 Ne6 25. Bc4 a4 26. Kh1 axb3 27. axb3 Ra8 28. f4 Rf8 29. f5 Nc5 30. e5 Bxe5 31. Qh4 d5 32. Bd2 Bf6 33. Qh6 Qa3 34. Bxd5 Bg7 35. Qh4 Nd3 36. Be3 gxf5 37. Bxb7 Rad8 38. Bc6 Ne5 39. Bc5 Qa5 40. Bxe7 Ng6 41. Bxd8 Rxd8 42. b4 Qb6 43. Qf2 Qxf2 44. Rxf2 f4 45. Be4 Rb8 46. Bxg6 hxg6 47. Rxf4 Rxb5 48. Rd1 Bf8 49. Rd8 Kg7 50. Rd7 Bxb4 51. Rfxf7+ Kh6 52. Rb7 Rxb7 53. Rxb7 Bc5 54. g3 Bd4 55. Kg2 Kg5 56. Kf3 Kh6 57. Rd7 Bc3 58. h4 Be1 59. Kg4 Bb4 60. Rb7 Bc5 61. Kh3 Be3 62. g4 g5 63. h5 Bf4 64. Kg2 1-0

[Event "55th Ladies GM 2024"]
[Site "Belgrade9"]
[Date "2024.03.03"]
[Round "2.1"]
[White "Pogorelskikh, Sofia"]
[Black "Xu, Yuanyuan"]
[Result "1/2-1/2"]
[ECO "B19"]
[WhiteElo "2214"]
[BlackElo "2288"]
[Annotator "TA"]
[PlyCount "116"]
[EventDate "2024.03.02"]
[EventType "tourn"]
[EventCountry "SRB"]
[SourceTitle "playchess.com"]
[Source "ChessBase"]
[SourceQuality "1"]
[TimeControl "40/5400+30:1800+30"]

1. e4 c6 2. d4 d5 3. Nc3 dxe4 4. Nxe4 Bf5 5. Ng3 Bg6 6. h4 h6 7. Nf3 e6 8. h5 Bh7 9. Bd3 Bxd3 10. Qxd3 Nf6 11. Bd2 Be7 12. O-O-O O-O 13. Kb1 c5 14. Ne4 cxd4 15. Nxd4 Nbd7 {[%emt 0:00:48] [#]} (15... Qb6 $11) 16. Nxf6+ $1 $16 Bxf6 {[%emt 0:04:55] [#]} 17. Bb4 {[%emt 0:08:17] Dodges Nc5. White has more active pieces.} ({White should play} 17. Nb3 $1 $16) 17... Re8 $1 $11 18. Nb3 Nb6 19. Qxd8 Raxd8 20. Na5 {[%emt 0:28:00] Repels Nc4} Nd5 21. Ba3 b5 {[%emt 0:05:36] Threatens to win with ...b4.} 22. c3 Rd7 (22... Bxc3 $5 23. Rxd5 Bxa5 24. Rxb5 Bb6 $11) 23. Nc6 Rc8 (23... a5 $17 {aiming for ...Ra8.} 24. Nxa5 Ra7) 24. Nb4 Nb6 25. Rxd7 Nxd7 26. Nc2 Nb6 27. Bd6 Nc4 28. Bf4 Rd8 29. Ne3 Nd2+ (29... e5 $15 30. Nxc4 exf4) 30. Kc2 Ne4 31. Ng4 Bg5 32. Bxg5 hxg5 {[%emt 0:00:04][%mdl 4096] Endgame. KRN-KRN} 33. Re1 (33. Rd1 Rxd1 34. Kxd1 f5 $17) 33... f5 (33... Rd2+ 34. Kc1 f5 (34... Nxf2 $2 35. Kxd2 Nxg4 36. a4 $18) 35. Rxe4 $18) 34. Re2 Rd6 35. Ne5 Kf8 36. Nf3 a6 37. Nd4 Kf7 38. a3 (38. g4 $11 {remains equal.}) 38... g4 $17 39. f3 Ng3 (39... gxf3 $17 40. gxf3 Ng3) 40. Rf2 $11 {[%emt 0:00:35] The position is equal.} gxf3 ({Much worse is} 40... Nxh5 $6 41. fxg4 Ng3 42. Rf3 $16 (42. gxf5 exf5 43. Nxf5 Rf6 $16)) 41. Rxf3 Nxh5 42. g4 Nf6 43. gxf5 exf5 44. Nxf5 Rd7 45. a4 bxa4 46. Rf4 Rd5 47. Ne3 Ra5 48. Nc4 Rh5 49. Nd2 Ra5 50. Nc4 Rg5 51. Ne3 Rg3 52. Kd2 a3 53. bxa3 Ke6 {[%emt 0:01:17][%cal Og3e3] Hoping for ...Rxe3!} 54. Ra4 Ke5 {[%emt 0:00:02] And now ...Ne4+ would win.} 55. Nc4+ Kd5 56. Ne3+ Ke5 {[%emt 0:00:35] ...Ne4+ would now be deadly.} 57. Nc4+ Kd5 {[%emt 0:00:34] White must now prevent ...Ne4+.} 58. Ne3+ Ke5 {[%emt 0:02:46] Weighted Error Value: White=0.13 (very precise) /Black=0.12 (very precise) .  Mistake:       	White=2     	Black=4      Inaccurate:     	White=4     	---        OK:         	White=23    	Black=19     Best:        	White=2     	Black=2      Strong:       	White=1     	Black=1} 1/2-1/2

[Event "55th Ladies GM 2024"]
[Site "Belgrade9"]
[Date "2024.03.03"]
[Round "2.2"]
[White "Kubicka, Anna"]
[Black "Lu, Miaoyi"]
[Result "1/2-1/2"]
[ECO "B45"]
[WhiteElo "2278"]
[BlackElo "2392"]
[Annotator "TA"]
[PlyCount "147"]
[EventDate "2024.03.02"]
[EventType "tourn"]
[EventCountry "SRB"]
[SourceTitle "playchess.com"]
[Source "ChessBase"]
[SourceQuality "1"]
[TimeControl "40/5400+30:1800+30"]

1. e4 c5 2. Nf3 e6 3. d4 cxd4 4. Nxd4 Nf6 5. Nc3 Nc6 6. Ndb5 Bb4 7. a3 Bxc3+ 8. Nxc3 d5 9. exd5 exd5 10. Bd3 O-O 11. O-O d4 12. Ne2 Bg4 13. h3 Bh5 14. f4 h6 15. f5 {[%emt 0:28:33] White has an edge.} Bxe2 $1 16. Qxe2 Re8 17. Qf2 Qd5 18. Qh4 {[%emt 0:04:57][%cal Oc1h6] Bxh6! is the strong threat.} (18. Qg3 {seems wilder.} Kh7 19. Bf4 Nh5 20. f6+) 18... Ne5 {[%emt 0:16:02] [#]} (18... Kh7 $1 $11 {keeps the balance.}) 19. Bxh6 $1 $16 gxh6 20. Qxf6 Nxd3 (20... Kh7 $16) 21. Qxh6 $18 (21. cxd3 $6 Re2 22. Rf3 (22. Qxh6 $2 Qxg2#) 22... Kh7 $16) 21... Qe5 (21... Nxb2 22. f6) 22. Rf3 $40 {[%emt 0:11:08][%mdl 128] Inhibits Qe3+. White is out for blood.} Qg7 (22... Nxb2 23. f6) 23. Qxg7+ Kxg7 24. Rxd3 {[%emt 0:00:13][%mdl 4096] Endgame. KRR-KRR} Re2 (24... Rac8 $142 25. Rc1 (25. Rxd4 Rxc2 26. b4 Kf6 $16) 25... Re4) 25. Rc1 (25. Rxd4 Kf6 26. Rd6+ Kg7) 25... Rc8 26. Rxd4 Rcxc2 (26... Kf6 $142 27. Rf4 b5) 27. Rxc2 Rxc2 {[%emt 0:00:04] KR-KR} 28. b4 Rc7 29. Rd6 b6 30. Rd3 {[%emt 0:12:11] Repels Rc3} Kf6 31. Rf3 ({White should play} 31. g4 $18 {Strongly threatening Kg2.} Rc2 32. b5) 31... Kg5 $16 32. g4 (32. Kh2 $142) 32... Rc2 33. Kf1 f6 34. Ke1 a5 35. Kd1 Rh2 36. bxa5 bxa5 37. Kc1 Kh4 38. Rd3 Kg5 (38... Rxh3 39. Rxh3+ Kxg4 40. Rh7 Kxf5 41. Rh5+ Ke6 42. Rxa5 f5 43. Kd2) 39. Kb1 {[%emt 0:00:20] [#] Threatens to win with a4.} Kh4 40. Rc3 Kg5 $2 (40... Rxh3 41. Rxh3+ Kxg4 42. Rb3 Kxf5 43. Rb5+ Kg4 44. Rxa5 f5 45. Kc2) (40... Re2 $14) 41. Re3 $2 (41. a4 $18) 41... Kh4 42. Kc1 Kg5 43. Rb3 Kh4 44. Kb1 Kg5 (44... Rxh3 45. Rxh3+ Kxh3 46. g5 fxg5 47. f6 Kg4 48. f7 Kf5 49. f8=Q+ (49. f8=R+ Kg4 $18) 49... Kg6 50. a4) 45. a4 {[%emt 0:00:00][%cal Ba3a4,Ba4a5,Ba5a6,Ba6a7][%mdl 32] aiming for Rc3.} Kh4 46. Rb5 Kxh3 $2 (46... Rh1+ $11 47. Kc2 Rh2+ 48. Kb3 Rxh3+ 49. Kc4 Rf3) 47. Rxa5 $18 Kxg4 48. Rb5 (48. Rc5 $142 Rh7 49. Kc2 Rh8 50. a5 Kf4 51. Kd3 Ra8 52. Kc4 Rb8 53. a6) 48... Kf4 49. a5 Ke4 50. a6 Rh8 51. a7 Ra8 52. Ra5 Kf4 53. Kc2 Ke4 54. Kc3 Kf4 55. Kd4 Kg4 56. Kd5 Kxf5 57. Kc6+ $2 (57. Ra4 Rd8+ 58. Kc6 Ke6 59. a8=Q (59. a8=B f5 $11) 59... Rxa8 60. Rxa8 Ke5 61. Kc5 Kf5 62. Re8) 57... Ke4 $1 $14 58. Kb7 (58. Ra4+ $5 Kd3 59. Kb7 Rxa7+ 60. Rxa7 $14 (60. Kxa7 Ke3 $16)) 58... Rxa7+ 59. Rxa7 $11 {[%emt 0:00:07] White wants to mate with Kb6. KR-KP} (59. Kxa7 $5 f5 $8 60. Ra4+ Ke3 61. Kb8 $11) 59... f5 60. Kc6 {[%emt 0:00:50] Intending Kc5 and mate.} f4 61. Ra4+ Ke5 62. Ra5+ $2 (62. Kb5 f3 63. Kc5 f2 64. Ra1 Ke4 65. Rh1 Ke3 66. Kc4 Ke2 67. Kd5 (67. Rh2 Ke1 $11) 67... f1=Q 68. Rxf1 Kxf1) 62... Ke4 63. Ra4+ Ke5 64. Kc5 $2 (64. Kb5 {mates} f3 65. Rh4 f2 66. Rh1 Ke4 67. Rf1 Kf3 68. Rh1 Kg2 69. Rd1 f1=Q+ 70. Rxf1 Kxf1) 64... f3 {[%emt 0:00:00] The position is equal.} 65. Ra8 {[%emt 0:01:02] White threatens Re8+ and mate.} Ke4 $1 66. Re8+ Kd3 67. Rd8+ Ke2 68. Re8+ Kd3 69. Rf8 Ke2 70. Kd4 f2 71. Re8+ Kd2 72. Rf8 Ke2 73. Ke4 f1=Q 74. Rxf1 {[%emt 0:00:03] Weighted Error Value: White=0.40/Black=0.46.  Loses game:     	---       	Black=2      Missed win:     	White=3     	---        Mistake:       	White=2     	Black=4      Inaccurate:     	White=6     	Black=3      OK:         	White=8     	Black=20     Best:        	White=3     	Black=7      Strong:       	---       	Black=2      Brilliant:      	White=1     	---} 1/2-1/2

[Event "55th Ladies GM 2024"]
[Site "Belgrade9"]
[Date "2024.03.03"]
[Round "2.3"]
[White "Djukic, Sandra"]
[Black "Mehmed, Elif"]
[Result "0-1"]
[ECO "D47"]
[WhiteElo "2127"]
[BlackElo "2194"]
[Annotator "RC"]
[PlyCount "62"]
[EventDate "2024.03.02"]
[EventType "tourn"]
[EventCountry "SRB"]
[SourceTitle "playchess.com"]
[Source "ChessBase"]
[SourceQuality "1"]
[TimeControl "40/5400+30:1800+30"]

1. d4 d5 2. c4 e6 3. Nc3 c6 4. e3 Nf6 5. Nf3 Nbd7 6. Bd3 dxc4 7. Bxc4 b5 8. Bb3 b4 9. Ne2 Bb7 10. Nf4 Bd6 11. O-O O-O 12. Qe2 c5 13. Rd1 Qe7 14. dxc5 Nxc5 15. Bc4 Rfd8 16. Nd4 Rac8 17. a3 bxa3 18. Rxa3 Bb8 19. Rc3 Nfe4 20. Rc2 e5 21. Nf5 Qf6 22. Rxd8+ Rxd8 23. f3 exf4 24. fxe4 Bxe4 25. Nd4 Bxc2 26. Nxc2 fxe3 27. Nxe3 Qe5 28. g3 Ne6 29. Ng2 Qxe2 30. Bxe2 Rc8 31. Be3 Rc2 0-1

[Event "55th Ladies GM 2024"]
[Site "Belgrade9"]
[Date "2024.03.03"]
[Round "2.4"]
[White "Doluhanova, Evgeniya"]
[Black "Vujovic, Vera"]
[Result "1-0"]
[ECO "A06"]
[WhiteElo "2261"]
[BlackElo "2175"]
[Annotator "TA"]
[PlyCount "125"]
[EventDate "2024.03.02"]
[EventType "tourn"]
[EventCountry "SRB"]
[SourceTitle "playchess.com"]
[Source "ChessBase"]
[SourceQuality "1"]
[TimeControl "40/5400+30:1800+30"]

1. Nf3 d5 2. e3 Nf6 3. c4 c5 4. cxd5 Nxd5 5. Bc4 Nb6 6. Bb3 $146 {[%emt 0:01:48] A06: Réti Opening: 1 Nf3 d5.} ({Predecessor:} 6. Be2 Nc6 7. O-O e5 8. d4 e4 9. Nfd2 Bf5 10. Nb3 cxd4 11. Nxd4 Nxd4 12. exd4 Be7 13. Bb5+ Bd7 14. Bxd7+ Qxd7 15. Nc3 Rd8 {½-½ Chen,F (2373)-Mcnabb,M (2477) NZL-ch89 email 2022}) 6... c4 7. Bc2 g6 8. Qe2 Nc6 9. a3 Bg7 10. Nc3 O-O 11. O-O e5 12. b3 (12. Rd1 $15) 12... cxb3 $17 13. Bxb3 Bf5 14. Ne1 e4 15. Rb1 Rc8 16. Bc2 Bxc3 17. dxc3 Ne5 18. a4 (18. f3 $17) 18... Nd3 (18... Rxc3 19. Bb2 Nd5 20. Qb5 $11) 19. Ba3 Re8 20. Bb3 Rxc3 (20... Be6 $17 {aiming for ...Bxb3.} 21. Bxe6 Rxe6) 21. Qa2 (21. Qd2 $15 Nf4 22. Qb2 (22. Bxf7+ $2 Kxf7 23. Qb2 Nc4 $19)) 21... Qc7 $2 (21... Be6 $1 $19 {[%cal Re6b3] ...Bxb3 would now be deadly.} 22. Bxe6 Rxe6) 22. a5 Nc8 {[%emt 0:01:01] [#]} (22... Nc4 $15 {stays ahead.} 23. Bxc4 Qxc4 (23... Rxc4 24. Rxb7 Qxb7 25. Qxc4 $15) 24. Qxc4 Rxc4) 23. Nxd3 $1 $16 Rxd3 {[%emt 0:02:44] [#]} 24. Bb4 ({White should try} 24. Rbc1 $1 $16 Qd7 25. Bc2) 24... Be6 $11 25. Qa4 Bd7 (25... Red8 $11) 26. Qa1 $16 Bb5 27. Rfc1 Qd7 $2 (27... Qd8 $16 28. Bc3 Qe7) 28. Qf6 $18 Rd6 29. Bxd6 Nxd6 30. Bd5 Bd3 31. Ra1 Qe7 32. Qxe7 Rxe7 33. h3 Rd7 34. Bb3 Bb5 (34... Kf8 $142 35. Ba4 Re7) 35. Rc5 $18 a6 36. Rd1 Bd3 (36... Kf8 $142 37. Rd4 Ke7) 37. f3 $18 Kf8 38. Kf2 Bb5 39. Rd4 exf3 40. gxf3 Bc6 41. Bd5 Bb5 42. Bxb7 Nxb7 43. Rxb5 $1 axb5 ({Don't go for} 43... Rxd4 $2 44. exd4 (44. Rxb7 Rd5 $17) 44... Nd6 45. Rb6 $18) 44. Rxd7 Nxa5 45. Rd5 Nc4 (45... Nc6 $142 46. Rxb5 Kg7) 46. Rxb5 $18 Nd6 47. Rb6 Nf5 48. e4 Ng7 49. f4 Ke7 50. Ke3 h6 51. Ra6 Kd7 52. Kd4 Nh5 53. Ke5 Ke7 54. Ra7+ Kf8 55. f5 gxf5 56. exf5 Kg7 57. Ra4 Nf6 58. Rd4 h5 59. Rd1 Ne8 60. Rg1+ Kh7 61. Rg2 Kh6 62. Rg8 Nc7 63. Kf6 1-0

[Event "55th Ladies GM 2024"]
[Site "Belgrade9"]
[Date "2024.03.03"]
[Round "2.5"]
[White "Kulkarni Bhakti"]
[Black "Maltsevskaya, Aleksandra"]
[Result "0-1"]
[ECO "A38"]
[WhiteElo "2372"]
[BlackElo "2374"]
[Annotator "TA"]
[PlyCount "64"]
[EventDate "2024.03.02"]
[EventType "tourn"]
[EventCountry "SRB"]
[SourceTitle "playchess.com"]
[Source "ChessBase"]
[SourceQuality "1"]
[TimeControl "40/5400+30:1800+30"]

1. Nf3 c5 2. c4 Nc6 3. g3 g6 4. Bg2 Bg7 5. Nc3 Nf6 6. O-O O-O 7. b3 d5 8. cxd5 Nxd5 9. Bb2 Nxc3 10. Bxc3 e5 11. Rc1 Bg4 {[%emt 0:06:53] Black is slightly better.} 12. h3 Be6 13. d3 Rc8 14. Qd2 h6 {[%emt 0:05:07] Wards off Ng5} 15. Qb2 Nd4 16. Rfd1 Qd7 17. Kh2 Rfe8 18. Nxd4 exd4 ({Don't play} 18... cxd4 19. Bd2 $11) 19. Bd2 Bd5 20. Re1 Bxg2 21. Kxg2 Qd5+ 22. Kh2 Re6 (22... Qh5 $17 23. Kg2 Rxe2 24. Rxe2 Qxe2) 23. b4 $15 c4 {[%emt 0:03:57] Black is much more active.} (23... Qf5 {keeps more tension.} 24. Kg2 Rf6 25. Rf1 c4) 24. dxc4 Rxc4 25. Qb3 b5 $40 {[%emt 0:00:05][%mdl 128] Black attacks.} 26. a4 $2 {[%emt 0:02:45] [#]} (26. Qd3 $15) 26... Qf5 $1 $19 27. Kg2 {[%emt 0:03:01] [#]} Rxc1 $1 28. Bxc1 bxa4 (28... d3 $19 29. Be3 bxa4) 29. Qxa4 $17 d3 30. Be3 $2 (30. Bd2 $17) 30... Bc3 $19 31. Qd7 {[%emt 0:04:19] Hoping for Qc8+.} Rxe3 (31... Bxb4 32. Qd8+ Kh7 33. Bd4 $17) 32. Qd8+ Kh7 {[%emt 0:00:06] Weighted Error Value: White=0.98/Black=0.13 (very precise) .  Loses game:     	White=2     	---        Mistake:       	---       	Black=2      Inaccurate:     	White=4     	Black=1      OK:         	White=7     	Black=8      Best:        	---       	Black=1      Strong:       	---       	Black=2} 0-1